 Dungeon Crawl Stone Soup version 0.29.1-12-g30fa7ad0bf (webtiles) character file.

Game seed: 1364018309400374772

113 sweetbreads the Sneak (level 4, -3/21 HPs)
             Began as a Spriggan Enchanter on Jan 7, 2023.
             Slain by an adder (4 damage)
             ... in a sewer.
             The game lasted 00:10:17 (2304 turns).

sweetbreads the Sneak (Spriggan Enchanter)          Turns: 2304, Time: 00:10:18

Health: -3/21      AC:  2    Str:  4    XL:     4   Next: 65%
Magic:  7/10       EV: 22    Int: 18    God:
Gold:   38         SH:  0    Dex: 15    Spells: 2/10 levels left

rFire   . . .      SeeInvis +   a - +1 dagger
rCold   . . .      Faith    .   (no shield)
rNeg    . . .      Spirit   .   b - +0 robe
rPois   .          Reflect  .   (helmet restricted)
rElec   .          Harm     .   (no cloak)
rCorr   .          Rampage  .   (gloves unavailable)
Will    .....                   (boots unavailable)
Stlth   ++........              (no amulet)
HPRegen 0.07/turn               k - +4 ring of evasion
MPRegen 0.12/turn               n - ring of wizardry

@: lethally poisoned (-3 -> -18), slow
A: very small, no large weapons, unfitting armour, see invisible, speed 3
a: no special abilities


You were in a sewer.
You visited 1 branch of the dungeon, and saw 3 of its levels.
You also visited: Sewer.

You collected 38 gold pieces.

Inventory:

Hand Weapons
 a - a +1 dagger (weapon)
 d - a +2 whip of freezing
Armour
 b - a +0 robe (worn)
Jewellery
 h - an amulet of guardian spirit
 k - a +4 ring of evasion (left hand)
 n - a ring of wizardry (right hand)
Potions
 c - 2 potions of invisibility
 e - a potion of ambrosia
 f - a potion of haste {unknown}
 g - a potion of cancellation {unknown}
 i - a potion of lignification {unknown}
 l - a potion of attraction {unknown}


   Skills:
 - Level 2.0 Short Blades
 * Level 3.6 Dodging
 + Level 5.8 Stealth
 * Level 3.7 Spellcasting
 + Level 4.3 Hexes


You had 2 spell levels left.
You knew the following spells:

 Your Spells              Type           Power      Damage    Failure   Level
a - Ensorcelled Hibernat  Hex/Ice        22%        N/A       4%          2
b - Confusing Touch       Hex            18%        N/A       3%          3
c - Tukima's Dance        Hex            18%        N/A       3%          3

Your spell library contained the following spells:

 Spells                   Type           Power      Damage    Failure   Level
 Dazzling Flash           Conj/Hex       22%        N/A       8%          3


Dungeon Overview and Level Annotations

Branches:
Dungeon (3/15)              Sewer (1/1)

Altars:


Innate Abilities, Weirdness & Mutations

You are very small and have problems with some larger weapons.
You are too small for most types of armour.
You have supernaturally acute eyesight. (SInv)
You cover ground extremely quickly. (Speed+++)


Message History

You see here a quokka corpse.
An endoplasm, 2 adders and a frilled lizard come into view.
The adder hisses angrily.
The frilled lizard hisses angrily.
The endoplasm quivers.
The adder completely misses you. The adder closely misses you.
A ball python comes into view.
Casting: Ensorcelled Hibernation (safe; 4% risk of failure)
Confirm with . or Enter, or press ? or * to list all spells.
Aiming: Ensorcelled Hibernation (safe; 4% risk of failure)
Press: ? - help, Shift-Dir - straight line, f - adder
Aim: an adder (chance to affect: 53%)
The adder looks drowsy...
The adder hisses angrily.
The adder bites you.
You are poisoned.
The adder poisons you!
Your unstable footing causes you to fumble your attack.
You feel sick. The adder completely misses you.
Casting: Ensorcelled Hibernation (safe; 4% risk of failure)
Confirm with . or Enter, or press ? or * to list all spells.
Okay, then.
You feel sick. The adder misses you. The adder bites you. The adder misses you.
You see here a quokka corpse.
The adder attacks as you move away! The adder bites you.
You are more poisoned.
The adder poisons you! The adder attacks as you move away! The adder bites you.
You are lethally poisoned!
The adder poisons you!
* * * LOW HITPOINT WARNING * * *
You feel very sick. The adder bites you but does no damage.
Okay, then.
The adder attacks as you move away! The adder misses you.
* * * LOW HITPOINT WARNING * * *
You feel very sick. The adder bites you.
* * * LOW HITPOINT WARNING * * *
You are more poisoned.
The adder poisons you! The adder bites you.
You die...

#~~~~.# #~~#
#~...~# ##.~#
#~~~~~### #~~.#
#######.### #~~##
#~~~~J##### ##~.#
#~~~~SSl.~~ #~~~#
##~S##~~~~~ ##~~##
##SS## .~~ ##~~~#
#~S@### ~ ###~~.~#
#~~.~~#####~~~~~##
##~.~.~....~~~~##
##~†~~~~~.~.~##
###~~~..~.###
###.∩.### #####


You could see 3 adders and a ball python.

Vanquished Creatures
  3 adders
  A river rat (D:3)
  5 ball pythons
  7 bats
  3 endoplasms
  7 giant cockroaches
  3 goblins
  7 hobgoblins
  4 jackals (D:1)
  9 quokkas
  9 frilled lizards
  5 kobolds
  9 rats
72 creatures vanquished.

Notes
Turn   | Place    | Note
-------+----------+-------------------------------------------
     0 | D:1      | sweetbreads the Spriggan Enchanter began the quest for the
                  | Orb.
     0 | D:1      | Reached XP level 1. HP: 9/9 MP: 5/5
   190 | D:1      | Reached XP level 2. HP: 13/13 MP: 6/6
   196 | D:1      | Learned a level 2 spell: Ensorcelled Hibernation
   601 | D:1      | Found a faded altar of an unknown god.
   606 | D:1      | Reached skill level 5 in Stealth
   762 | D:1      | Reached XP level 3. HP: 16/16 MP: 8/8
   775 | D:1      | Learned a level 3 spell: Confusing Touch
   779 | D:1      | Learned a level 3 spell: Tukima's Dance
  1634 | D:3      | Found a glowing drain.
  1648 | D:3      | Reached XP level 4. HP: 21/21 MP: 2/9
  1746 | Sewer    | Entered a sewer
  2304 | Sewer    | HP: 1/21 [adder (2)]
  2304 | Sewer    | Slain by an adder

Illustrated notes

Levels and vault maps discovered:
D:1:      saegor_arrival_simple_b, layout_loops_cross,
          nicolae_ecumenical_snake_handling, minmay_fountain_box, st_stairs_11,
          nicolae_concentric_dashed_squares_wild
D:2:      layout_basic, serial_shops, nicolae_shop_bloodbath_and_beyond
D:3:      layout_loops_corners, grunt_temple_overflow_bloody_war,
          portal_sewer_entry_b, ebering_ghost_sewer_d
Sewer:    sewer_frog_island_02

Skill      XL: |  1  2  3 |
---------------+----------+-----
Spellcasting   | 3 |  3.7
Hexes          | 4 |  4.3
Dodging        | 3 |  3.6
Stealth        | 5 |  5.8
Short Blades   | 2 |  2.0

Action                   |  1- 3 |  4- 6 || total
-------------------------+-------+-------++-------
Melee: Dagger            |   122 |    78 ||   200
       Punch             |     1 |     1 ||     2
 Cast: Ensorcelled Hiber |    19 |    21 ||    40
  Use: Scroll            |     4 |       ||     4
 Stab: Sleeping          |    26 |     9 ||    35
Armor: Robe              |     8 |     6 ||    14
Dodge: Dodged            |    79 |    75 ||   154
